cohdb
Replays
Latest Replays
All Replays
Popular Replays
Top Player Replays
Match Explorer
How It Works
Community
CoH3 Stats
Reddit
Sign in to upload your games and track your stats! →
Sign in with Steam
Match 47160647
Unlisted
Match 47160647
Overview
Messages
Build Orders
End
Pioneer Squad
Construct Infanterie Kompanie
MG 42 Machine Gun Team
MG 42 Machine Gun Team
Grenadier Squad
Selects Mechanized Battlegroup
Construct Panzergrenadier Kompanie
Pak 40 Anti-tank Gun Team
251 Medium Carrier
Medical Bunker
Selects Raid Package
Panzergrenadier Squad
Panzergrenadier Squad
Panzergrenadier Officer Quarters
Selects StuG Assault Group
MG 42 Machine Gun Team
Construct Panzer Kompanie
Panzer IV Medium Tank
Selects UNKNOWN (2160084)
Panther Heavy Tank
Selects Spotting Scopes
Selects Stoßtruppen Assault Package
MG 42 Bunker
Selects Zeroing Artillery Barrage
Zeroing Artillery Barrage
💧||CheckO||💧
-=Thrawn=-
Happy PanzerVI
Kameraad
Jack
##########
0
0
Comments
sign in to comment!
No comments posted yet!